| TOP OF THE 1ST |
|
University of Maine Black Bears batting - Pitching for Oregon State University Beavers : RHP Andrew Ferrell
|
|
Pitching: RHP Andrew Ferrell
|
|
|
Batting: RHB Wataru Tani
|
0-0: Ball 1-0: Ball 2-0: Called Strike 2-1: Ground out 5-3 (Groundball, 56S, EV 87.5 MPH)
|
|
Batting: RHB Juan Bonilla
|
0-0: Ball 1-0: Foul Ball, location: 2F 1-1: Ground out 4-3 (Groundball, 4, EV 88.1 MPH)
|
|
Batting: RHB Enrique Gomez
|
0-0: Ball 1-0: Swinging Strike 1-1: Single, Error in OF, E9, batter to second base (Line Drive, 89M, EV 105.6 MPH)
|
|
Batting: RHB Alvin Garcia
|
0-0: Ball 1-0: Swinging Strike 1-1: Ball 2-1: Ground out 4-3 (Groundball, 4, EV 82.5 MPH)
|
| Top of the 1st over - 0 runs, 1 hit, 1 error, 1 left on base; University of Maine 0 - Oregon State University 0 |
| BOTTOM OF THE 1ST |
|
Oregon State University Beavers batting - Pitching for University of Maine Black Bears : RHP Emmanuel Godfrey
|
|
Pitching: RHP Emmanuel Godfrey
|
|
|
Batting: RHB Seth Fox
|
0-0: Foul Ball, location: 2F 0-1: Fly out, F9 (Flyball, 89M, EV 80.6 MPH)
|
|
Batting: RHB Roger Mitchell
|
0-0: Called Strike 0-1: Ball 1-1: Fly out, F7 (Flyball, 7LS, EV 90.0 MPH)
|
|
Batting: RHB Joel Gomez
|
0-0: Foul Ball, location: 2F 0-1: Ball 1-1: Ball 2-1: Ball 3-1: Base on Balls
|
|
Batting: RHB Xavier Williams
|
0-0: Ground out 3-1 (Groundball, 34S, EV 85.6 MPH)
|
| Bottom of the 1st over - 0 runs, 0 hits, 0 errors, 1 left on base; University of Maine 0 - Oregon State University 0 |
| TOP OF THE 2ND |
|
University of Maine Black Bears batting - Pitching for Oregon State University Beavers : RHP Andrew Ferrell
|
|
Batting: RHB Ruben Domingues
|
0-0: Ball 1-0: SINGLE (Line Drive, 9S, EV 93.1 MPH)
|
|
Batting: SHB Terrence Bryant
|
0-0: Called Strike 0-1: Called Strike 0-2: Ball 1-2: Foul Ball, location: 2F 1-2: Ball 2-2: Foul Ball, location: 2F 2-2: Strikes out swinging
|
|
Batting: RHB Jeff McClellan
|
0-0: Ball 1-0: Ball 2-0: Called Strike 2-1: Foul Ball, location: 2F 2-2: Fielders Choice at 2nd, 1-4 (Groundball, 15, EV 70.0 MPH)
|
|
Batting: RHB Konrad van Oosterhout
|
0-0: Called Strike 0-1: Ball 1-1: SINGLE (Groundball, 56D, EV 98.1 MPH) Jeff McClellan to second
|
|
Batting: RHB Clark Meagher
|
0-0: Foul Ball, location: 2F 0-1: Ball 1-1: Ball 2-1: Ground out 2-3 (Groundball, 15S, EV 71.2 MPH)
|
| Top of the 2nd over - 0 runs, 2 hits, 0 errors, 2 left on base; University of Maine 0 - Oregon State University 0 |
| BOTTOM OF THE 2ND |
|
Oregon State University Beavers batting - Pitching for University of Maine Black Bears : RHP Emmanuel Godfrey
|
|
Batting: RHB Mario Avila
|
0-0: Ball 1-0: Ball 2-0: Ball 3-0: Base on Balls
|
|
Batting: LHB Carlos Magana
|
0-0: Ball 1-0: Fly out, F8 (Line Drive, 8LM, EV 102.5 MPH)
|
|
Batting: LHB Borislav Draganov
|
0-0: Ball 1-0: Swinging Strike 1-1: Foul Ball, location: 2F 1-2: Strikes out swinging
|
|
Batting: RHB Noel Bodkin
|
0-0: Called Strike 0-1: Fly out, F8 (Flyball, 8RS, EV 91.2 MPH)
|
| Bottom of the 2nd over - 0 runs, 0 hits, 0 errors, 1 left on base; University of Maine 0 - Oregon State University 0 |
| TOP OF THE 3RD |
|
University of Maine Black Bears batting - Pitching for Oregon State University Beavers : RHP Andrew Ferrell
|
|
Batting: RHB Wataru Tani
|
0-0: Ball 1-0: Swinging Strike 1-1: Bunt - Flyout to 3S! F3
|
|
Batting: RHB Juan Bonilla
|
0-0: Called Strike 0-1: Swinging Strike 0-2: Fly out, F8 (Flyball, 78M, EV 90.6 MPH)
|
|
Batting: RHB Enrique Gomez
|
0-0: Called Strike 0-1: Ball 1-1: SINGLE (Groundball, 56S, EV 73.1 MPH) (infield hit)
|
|
Batting: RHB Alvin Garcia
|
0-0: Called Strike 0-1: Ball 1-1: Ball 2-1: Ball 3-1: Swinging Strike 3-2: Strikes out swinging
|
| Top of the 3rd over - 0 runs, 1 hit, 0 errors, 1 left on base; University of Maine 0 - Oregon State University 0 |
| BOTTOM OF THE 3RD |
|
Oregon State University Beavers batting - Pitching for University of Maine Black Bears : RHP Emmanuel Godfrey
|
|
Batting: LHB Carlos Martinez
|
0-0: Ball 1-0: Fly out, F8 (Line Drive, 8LM, EV 90.0 MPH)
|
|
Batting: RHB Seth Fox
|
0-0: Ball 1-0: Called Strike 1-1: Ball 2-1: Ball 3-1: Reached on error, E6 (Groundball, 6, EV 83.8 MPH)
|
|
Batting: RHB Roger Mitchell
|
0-0: Ball 1-0: Called Strike 1-1: Foul Ball, location: 2F 1-2: Ball 2-2: Fielders Choice at 2nd, 4-6 (Groundball, 4, EV 99.4 MPH)
|
|
Batting: RHB Joel Gomez
|
0-0: Ball 1-0: Swinging Strike 1-1: Ball 2-1: Ball 3-1: Foul Ball, location: 2F 3-2: Strikes out swinging
|
| Bottom of the 3rd over - 0 runs, 0 hits, 1 error, 1 left on base; University of Maine 0 - Oregon State University 0 |
| TOP OF THE 4TH |
|
University of Maine Black Bears batting - Pitching for Oregon State University Beavers : RHP Andrew Ferrell
|
|
Batting: RHB Ruben Domingues
|
0-0: Foul Ball, location: 2F 0-1: Ball 1-1: Ball 2-1: Called Strike 2-2: Strikes out swinging
|
|
Batting: SHB Terrence Bryant
|
0-0: Called Strike 0-1: Ball 1-1: Ball 2-1: Foul Ball, location: 2F 2-2: Strikes out swinging
|
|
Batting: RHB Jeff McClellan
|
0-0: Ground out 1-3 (Groundball, P, EV 68.1 MPH)
|
| Top of the 4th over - 0 runs, 0 hits, 0 errors, 0 left on base; University of Maine 0 - Oregon State University 0 |
| BOTTOM OF THE 4TH |
|
Oregon State University Beavers batting - Pitching for University of Maine Black Bears : RHP Emmanuel Godfrey
|
|
Batting: RHB Xavier Williams
|
0-0: Called Strike 0-1: Called Strike 0-2: Ball 1-2: Foul Ball, location: 2F 1-2: Ball 2-2: Fly out, F9 (Flyball, 89D, EV 86.9 MPH)
|
|
Batting: RHB Mario Avila
|
0-0: Foul Ball, location: 2F 0-1: SINGLE (Line Drive, 3D, EV 99.4 MPH)
|
|
Batting: LHB Carlos Magana
|
0-0: Swinging Strike 0-1: Foul Ball, location: 2F 0-2: Strikes out swinging
|
|
Batting: LHB Borislav Draganov
|
0-0: Foul Ball, location: 2F 0-1: Swinging Strike 0-2: Ball 1-2: Foul Ball, location: 2F 1-2: Strikes out swinging
|
| Bottom of the 4th over - 0 runs, 1 hit, 0 errors, 1 left on base; University of Maine 0 - Oregon State University 0 |
| TOP OF THE 5TH |
|
University of Maine Black Bears batting - Pitching for Oregon State University Beavers : RHP Andrew Ferrell
|
|
Batting: RHB Konrad van Oosterhout
|
0-0: Ball 1-0: Foul Ball, location: 2F 1-1: Foul Ball, location: 2F 1-2: Strikes out swinging
|
|
Batting: RHB Clark Meagher
|
0-0: Ball 1-0: Ball 2-0: Called Strike 2-1: Foul Ball, location: 2F 2-2: Ball 3-2: Strikes out looking
|
|
Batting: RHB Wataru Tani
|
0-0: Bunted foul 0-1: Swinging Strike 0-2: Ball 1-2: Strikes out swinging
|
| Top of the 5th over - 0 runs, 0 hits, 0 errors, 0 left on base; University of Maine 0 - Oregon State University 0 |
| BOTTOM OF THE 5TH |
|
Oregon State University Beavers batting - Pitching for University of Maine Black Bears : RHP Emmanuel Godfrey
|
|
Batting: RHB Noel Bodkin
|
0-0: Swinging Strike 0-1: Fly out, F6 (Popup, 6M, EV 70.0 MPH)
|
|
Batting: LHB Carlos Martinez
|
0-0: Called Strike 0-1: Swinging Strike 0-2: Strikes out looking
|
|
Batting: RHB Seth Fox
|
0-0: TRIPLE (Flyball, 78XD, EV 101.2 MPH)
|
|
Batting: RHB Roger Mitchell
|
0-0: Ball 1-0: Swinging Strike 1-1: Foul Ball, location: 2F 1-2: Strikes out swinging
|
| Bottom of the 5th over - 0 runs, 1 hit, 0 errors, 1 left on base; University of Maine 0 - Oregon State University 0 |
| TOP OF THE 6TH |
|
University of Maine Black Bears batting - Pitching for Oregon State University Beavers : RHP Andrew Ferrell
|
|
Pitching: RHP Jordan Lopez
|
|
|
Batting: RHB Juan Bonilla
|
0-0: Swinging Strike 0-1: Ball 1-1: Foul Ball, location: 2F 1-2: Ground out 4-3 (Groundball, 4, EV 89.4 MPH)
|
|
Batting: RHB Enrique Gomez
|
0-0: Ball 1-0: Ball 2-0: Foul Ball, location: 2F 2-1: Swinging Strike 2-2: Ball 3-2: Foul Ball, location: 2F 3-2: SINGLE (Groundball, 6S, EV 62.5 MPH) (infield hit)
|
|
Batting: RHB Alvin Garcia
|
0-0: Called Strike 0-1: Foul Ball, location: 2F 0-2: Ball Wild Pitch! Enrique Gomez to second 1-2: Foul Ball, location: 2F 1-2: Foul Ball, location: 2F 1-2: Foul Ball, location: 2F 1-2: Ball 2-2: Fly out, F7 (Flyball, 78XD, EV 95.0 MPH) Runner from 2nd tags up, SAFE at 3rd, no throw by LF
|
|
Batting: RHB Ruben Domingues
|
0-0: DOUBLE (Line Drive, 89M, EV 104.4 MPH) Enrique Gomez scores
|
|
Batting: SHB Terrence Bryant
|
0-0: Ball 1-0: Called Strike 1-1: Swinging Strike 1-2: Ball 2-2: Strikes out swinging
|
| Top of the 6th over - 1 run, 2 hits, 0 errors, 1 left on base; University of Maine 1 - Oregon State University 0 |
| BOTTOM OF THE 6TH |
|
Oregon State University Beavers batting - Pitching for University of Maine Black Bears : RHP Emmanuel Godfrey
|
|
Batting: RHB Joel Gomez
|
0-0: Ball 1-0: Ball 2-0: Called Strike 2-1: Foul Ball, location: 2F 2-2: Foul Ball, location: 2F 2-2: Fly out, F9 (Flyball, 9, EV 79.4 MPH)
|
|
Batting: RHB Xavier Williams
|
0-0: Ball 1-0: SOLO HOME RUN (Line Drive, 7LD, EV 97.5 MPH), Distance : 355 ft
|
|
Pitching: RHP Mark Frizzell
|
|
|
Batting: RHB Mario Avila
|
0-0: Ball 1-0: Called Strike 1-1: Fly out, F8 (Flyball, 89S, EV 90.0 MPH)
|
|
Batting: LHB Carlos Magana
|
0-0: Ball 1-0: Called Strike 1-1: Called Strike 1-2: Ball 2-2: Strikes out looking
|
| Bottom of the 6th over - 1 run, 1 hit, 0 errors, 0 left on base; University of Maine 1 - Oregon State University 1 |
| TOP OF THE 7TH |
|
University of Maine Black Bears batting - Pitching for Oregon State University Beavers : RHP Jordan Lopez
|
|
Batting: RHB Jeff McClellan
|
0-0: Called Strike 0-1: Ball 1-1: Ball 2-1: Foul Ball, location: 2F 2-2: Reached on error, E5 (Groundball, 5, EV 88.8 MPH)
|
|
Batting: RHB Konrad van Oosterhout
|
0-0: Ball 1-0: Called Strike 1-1: Ball 2-1: Ball 3-1: Base on Balls Jeff McClellan to second
|
|
Pinch Hitting: RHB Drew Coleman
|
0-0: Sac Bunt to 5S - play at first, batter OUT! 5-4 Jeff McClellan to third Konrad van Oosterhout to second
|
|
Batting: RHB Wataru Tani
|
0-0: SINGLE (Groundball, 56D, EV 99.4 MPH) Jeff McClellan scores Konrad van Oosterhout to third
|
|
Batting: RHB Juan Bonilla
|
0-0: Swinging Strike 0-1: Ball 1-1: Swinging Strike 1-2: Grounds into double play, 6-4-3 (Groundball, 6, EV 94.4 MPH)
|
| Top of the 7th over - 1 run, 1 hit, 1 error, 1 left on base; University of Maine 2 - Oregon State University 1 |
| BOTTOM OF THE 7TH |
|
Oregon State University Beavers batting - Pitching for University of Maine Black Bears : RHP Mark Frizzell
|
|
Pitching: RHP Larry McPhee
|
|
|
Now at 2B: Drew Coleman
|
|
|
Now at SS: Jose Simental
|
|
|
Batting: LHB Borislav Draganov
|
0-0: Ball 1-0: Ball 2-0: Called Strike 2-1: Ball 3-1: Foul Ball, location: 2F 3-2: Foul Ball, location: 2F 3-2: Foul Ball, location: 2F 3-2: Foul Ball, location: 2F 3-2: Strikes out looking
|
|
Pinch Hitting: RHB Gustavo Diaz
|
0-0: Called Strike 0-1: Ground out 6-3 (Groundball, 6, EV 92.5 MPH)
|
|
Batting: LHB Carlos Martinez
|
0-0: SOLO HOME RUN (Flyball, 89XD, EV 98.8 MPH), Distance : 399 ft
|
|
Batting: RHB Seth Fox
|
0-0: Called Strike 0-1: Foul Ball, location: 2F 0-2: Strikes out looking
|
| Bottom of the 7th over - 1 run, 1 hit, 0 errors, 0 left on base; University of Maine 2 - Oregon State University 2 |
| TOP OF THE 8TH |
|
University of Maine Black Bears batting - Pitching for Oregon State University Beavers : RHP Jordan Lopez
|
|
Pitching: LHP Bobby Shaw
|
|
|
Now at SS: Itocravo Arrochela
|
|
|
Batting: RHB Enrique Gomez
|
0-0: Ball 1-0: SINGLE (Flyball, 78S, EV 88.1 MPH)
|
|
Batting: RHB Alvin Garcia
|
0-0: Foul Ball, location: 2F 0-1: Ball 1-1: Ball 2-1: SINGLE (Line Drive, 89S, EV 85.0 MPH) Enrique Gomez to second Runner from 2nd tries for 3rd, SAFE, no throw by RF
|
|
Pinch Hitting: RHB Taizo Hotta
|
0-0: Called Strike 0-1: Ball 1-1: Swinging Strike 1-2: Strikes out swinging
|
|
Batting: SHB Terrence Bryant
|
0-0: Ball 1-0: Foul Ball, location: 2F 1-1: Ball 2-1: Called Strike 2-2: Strikes out swinging
|
|
Pinch Hitting: RHB Ignacio Zapata
|
0-0: Ground out 4-3 (Groundball, 4MS, EV 85.0 MPH)
|
| Top of the 8th over - 0 runs, 2 hits, 0 errors, 2 left on base; University of Maine 2 - Oregon State University 2 |
| BOTTOM OF THE 8TH |
|
Oregon State University Beavers batting - Pitching for University of Maine Black Bears : RHP Larry McPhee
|
|
Pitching: RHP David Espinosa
|
|
|
Now at SS: Jeremy Milner
|
|
|
Now in LF: Ignacio Zapata
|
|
|
Batting: RHB Roger Mitchell
|
0-0: Called Strike 0-1: Ball 1-1: Ground out 5-3 (Groundball, 5L, EV 93.1 MPH)
|
|
Batting: LHB Karel Hort
|
0-0: Ball 1-0: Swinging Strike 1-1: Swinging Strike 1-2: Foul Ball, location: 2F 1-2: Ball 2-2: Strikes out swinging
|
|
Pinch Hitting: RHB Austin Sweetman
|
0-0: Ball 1-0: Called Strike 1-1: Called Strike 1-2: Strikes out swinging
|
| Bottom of the 8th over - 0 runs, 0 hits, 0 errors, 0 left on base; University of Maine 2 - Oregon State University 2 |
| TOP OF THE 9TH |
|
University of Maine Black Bears batting - Pitching for Oregon State University Beavers : LHP Bobby Shaw
|
|
Pitching: RHP Mike Barnhill
|
|
|
Now at 1B: Carlomaria Murrone
|
|
|
Batting: RHB Konrad van Oosterhout
|
0-0: Ball 1-0: Swinging Strike 1-1: Ground out 4-3 (Groundball, 4MS, EV 85.0 MPH)
|
|
Batting: RHB Drew Coleman
|
0-0: Called Strike 0-1: Ball 1-1: Fly out, F7 (Flyball, 7, EV 87.5 MPH)
|
|
Batting: RHB Wataru Tani
|
0-0: Called Strike 0-1: Called Strike 0-2: Ball 1-2: Strikes out swinging
|
| Top of the 9th over - 0 runs, 0 hits, 0 errors, 0 left on base; University of Maine 2 - Oregon State University 2 |
| BOTTOM OF THE 9TH |
|
Oregon State University Beavers batting - Pitching for University of Maine Black Bears : RHP David Espinosa
|
|
Pitching: RHP Jordan Martinez
|
|
|
Pinch Hitting: RHB Jesus Ruiz
|
0-0: Called Strike 0-1: Called Strike 0-2: Foul Ball, location: 2F 0-2: Ball 1-2: Foul Ball, location: 2F 1-2: DOUBLE (Line Drive, 8LXD, EV 107.5 MPH)
|
|
Batting: LHB Carlos Magana
|
0-0: Ball 1-0: Swinging Strike 1-1: Swinging Strike 1-2: Strikes out looking
|
|
Batting: LHB Borislav Draganov
|
0-0: Intentional Walk
|
|
Batting: RHB Itocravo Arrochela
|
0-0: Called Strike 0-1: Called Strike 0-2: Ball 1-2: Strikes out looking
|
|
Batting: LHB Carlos Martinez
|
0-0: Ball 1-0: Called Strike 1-1: Ball 2-1: Called Strike 2-2: Foul Ball, location: 2F 2-2: Ball 3-2: SINGLE (Flyball, 89S, EV 100.0 MPH) Jesus Ruiz to third Borislav Draganov to second Jesus Ruiz scores Borislav Draganov to third
|
| Bottom of the 9th over - 1 run, 2 hits, 0 errors, 0 left on base; University of Maine 2 - Oregon State University 3 |
| |
|
Game Over ... Oregon State University defeats University of Maine, 3 to 2
|
|
|